 Dungeon Crawl Stone Soup version 0.30-a0-728-gc68057be0a (webtiles) character file.

Game seed: 3644911712485959664

1419089 browni3141 the Earth Mage (level 27, 207/207 HPs)
             Began as a Human Earth Elementalist on Jan 31, 2023.
             Was the Champion of Kikubaaqudgha.
             Escaped with the Orb
             ... and 3 runes!
             The game lasted 05:50:02 (94775 turns).

browni3141 the Earth Mage (HuEE)                   Turns: 94775, Time: 05:50:03

Health: 207/207    AC: 21    Str: 15      XL:     27
Magic:  46/51      EV: 20    Int: 30 (31) God:    Kikubaaqudgha [******]
Gold:   4275       SH:  0    Dex: 16 (18) Spells: 0/56 levels left

rFire   + + +      SeeInvis .    A - +5 short sword "Zejeamas" {distort, rElec MP+9 Str+4 Dex-4}
rCold   + + .      Faith    .    r - orb {guile}
rNeg    + + +      Spirit   .    y - +4 troll leather armour
rPois   ∞          Reflect  .    b - +1 hat of the Untouchables {Drain rF+ rC+ Dex+5}
rElec   +          Harm     .    k - scarf {rC+ rF+}
rCorr   .          Rampage  .    W - +2 pair of gloves
Will    +....                    o - +2 pair of boots {Fly}
Stlth   ++                       l - amulet of the Elephant {Regen+ Int+5}
HPRegen 2.14/turn                X - ring of the Hippo {Fire rPois rN+ Dex+2}
MPRegen 0.32/turn                D - ring "Raeg" {Wiz Dex+2}

@: lich-form, flying
A: draining attack, torment immunity, no potions, iridescent scales 1, (berserk
1), clumsy 1, deformed body, deterioration 2
0: Orb of Zot
}: 3/15 runes: serpentine, barnacled, slimy
a: End Transformation, Renounce Religion, Unearth Wretches, Torment


You escaped.
You worshipped Kikubaaqudgha.
Kikubaaqudgha was exalted by your worship.
You were an undead lich.
You visited 13 branches of the dungeon, and saw 55 of its levels.
You also visited: Ice Cave, Volcano, Wizlab and Desolation.

You collected 8096 gold pieces.
You spent 3821 gold pieces at shops.

Inventory:

Hand Weapons
 a - the +4 dagger of Iriashran {holy, rC+ rCorr Str+2}
   (You bought it in a shop on level 9 of the Dungeon)

   Str:       It affects your strength (+2).
   rC:        It protects you from cold.
   rCorr:     It protects you from acid and corrosion.
 d - a +6 antimagic quick blade
 w - the +8 Vampire's Tooth {megavamp}
   (You found it in the Desolation of Salt)
 A - the +5 short sword "Zejeamas" (weapon) {distort, rElec MP+9 Str+4 Dex-4}
   (You bought it in a shop on level 2 of the Orcish Mines)

   Str:       It affects your strength (+4).
   Dex:       It affects your dexterity (-4).
   rElec:     It insulates you from electricity.
   MP:        It affects your magic capacity (+9).
Missiles
 q - 15 curare-tipped darts
 R - 6 throwing nets
Armour
 b - the +1 hat of the Untouchables (worn) {Drain rF+ rC+ Dex+5}
   (You acquired it on level 1 of the Depths)

   Dex:       It affects your dexterity (+5).
   rF:        It protects you from fire.
   rC:        It protects you from cold.
   Drain:     It drains your maximum health when unequipped.
 k - a scarf of resistance (worn)
 o - a +2 pair of boots of flying (worn)
 r - an orb of guile (worn)
 y - a +4 troll leather armour (worn)
 J - a +3 buckler of reflection
 W - a +2 pair of gloves (worn)
Jewellery
 i - an amulet of the acrobat
 l - the amulet of the Elephant (around neck) {Regen+ Int+5}
   (You bought it in a shop on level 1 of the Shoals)

   [amulet of regeneration]

   Int:       It affects your intelligence (+5).
   Regen:     It increases your rate of health regeneration.
 D - the ring "Raeg" (right hand) {Wiz Dex+2}
   (You took it off Nikola on level 4 of the Shoals)

   [ring of wizardry]

   It improves your spell success rate.
   Dex:       It affects your dexterity (+2).
 H - the ring "Ipsick" {Ice rN+ Dex+5 SInv Stlth-}
   (You took it off Josephina on level 3 of the Realm of Zot)

   [ring of ice]

   It enhances your ice magic.
   Dex:       It affects your dexterity (+5).
   rF:        It makes you vulnerable to fire.
   rC:        It protects you from cold.
   rN:        It protects you from negative energy.
   SInv:      It lets you see invisible.
   Stlth:     It makes you less stealthy.
 P - a ring of willpower
 X - the ring of the Hippo (left hand) {Fire rPois rN+ Dex+2}
   (You took it off a deep elf zephyrmancer on level 3 of the Elven Halls)

   [ring of fire]

   It enhances your fire magic.
   Dex:       It affects your dexterity (+2).
   rF:        It protects you from fire.
   rC:        It makes you vulnerable to cold.
   rPois:     It protects you from poison.
   rN:        It protects you from negative energy.
Wands
 u - a wand of light (2)
 x - a wand of paralysis (43)
 G - a wand of mindburst (16)
 M - a wand of roots (24)
 S - a wand of polymorph (16)
Scrolls
 c - 5 scrolls of fear
 g - 8 scrolls of fog
 n - 8 scrolls of vulnerability
 v - 6 scrolls of immolation
 B - 19 scrolls of teleportation
 F - 13 scrolls of poison
 K - a scroll of blinking
 Y - 2 scrolls of summoning
 Z - 2 scrolls of torment
Potions
 e - 8 potions of lignification
 j - 15 potions of curing
 m - 5 potions of brilliance
 s - 15 potions of attraction
 z - 4 potions of haste
 E - 3 potions of invisibility
 I - 6 potions of mutation
 N - 9 potions of cancellation
 O - 5 potions of heal wounds
 T - a potion of magic
 U - 5 potions of resistance
 V - 5 potions of ambrosia
Miscellaneous
 f - a box of beasts
 h - a condenser vane
 p - a lightning rod (4/4)
 t - a phantom mirror
 C - a tin of tremorstones (2/2)
 Q - a phial of floods


   Skills:
 - Level 15.0 Fighting
 - Level 15.0 Short Blades
 - Level 15.0 Throwing
 - Level 15.0 Dodging
 - Level 15.0 Stealth
 - Level 15.0 Spellcasting
 - Level 15.0 Conjurations
 - Level 15.0 Necromancy
 - Level 15.0 Transmutations
 - Level 15.0 Earth Magic
 * Level 5.7 Invocations
 - Level 15.0 Evocations


You couldn't memorise any spells.
You knew the following spells:

 Your Spells              Type           Power      Damage    Failure   Level
a - Sandblast             Erth           100%       2d20      0%          1
b - Passwall              Tmut/Erth      70%        N/A       0%          2
c - Stone Arrow           Conj/Erth      100%       3d13      0%          3
d - Petrify               Tmut/Erth      85%        N/A       1%          4
e - Borgnjor's Vile Clut  Necr/Erth      53%        N/A       1%          5
f - Sublimation of Blood  Necr           100%       N/A       0%          2
g - Dispel Undead         Necr           100%       3d31      1%          4
h - Lee's Rapid Deconstr  Erth           42%        3d21*     1%          5
i - Statue Form           Tmut/Erth      56%        N/A       1%          6
j - Necromutation         Tmut/Necr      53%        N/A       14%         8
k - Borgnjor's Revivific  Necr           53%        N/A       14%         8
l - Infestation           Necr           53%        N/A       14%         8

Your spell library contained the following spells:

 Spells                   Type           Power      Damage    Failure   Level
 Beastly Appendage        Tmut           100%       N/A       0%          1
 Kiss of Death            Conj/Necr      100%       2d13      0%          1
 Magic Dart               Conj           100%       1d8       0%          1
 Necrotise                Necr           100%       1d9       0%          1
 Searing Ray              Conj           100%       2d8       0%          2
 Wereblood                Tmut           85%        N/A       0%          2
 Vampiric Draining        Necr           100%       2d13      0%          3
 Foxfire                  Conj/Fire      100%       2x1d9     1%          1
 Freeze                   Ice            88%        1d9       1%          1
 Sting                    Tmut/Pois      100%       1d8       1%          1
 Call Imp                 Summ           22%        N/A       1%          2
 Cigotuvi's Dreadful Rot  Necr/Pois/Air  100%       N/A       1%          2
 Ensorcelled Hibernation  Hex/Ice        44%        N/A       1%          2
 Poisonous Vapours        Pois/Air       44%        N/A       1%          2
 Scorch                   Fire           66%        2d8       1%          2
 Dazzling Flash           Conj/Hex       100%       N/A       1%          3
 Hailstorm                Conj/Ice       61%        3d13      1%          3
 Ignite Poison            Fire/Tmut/Pois 68%        N/A       1%          3
 Mephitic Cloud           Conj/Pois/Air  51%        N/A       1%          3
 Spider Form              Tmut/Pois      61%        N/A       1%          3
 Anguish                  Hex/Necr       39%        N/A       1%          4
 Animate Dead             Necr           100%       N/A       1%          4
 Flame Wave               Conj/Fire      79%        2d17      1%          4
 Fulminant Prism          Conj/Hex       30%        3d15      1%          4
 Ice Form                 Ice/Tmut       61%        N/A       1%          4
 Iskenderun's Mystic Bla  Conj/Tloc      61%        2d13      1%          4
 Leda's Liquefaction      Hex/Erth       30%        N/A       1%          4
 Agony                    Necr           100%       N/A       1%          5
 Irradiate                Conj/Tmut      42%        3d25      1%          5
 Iskenderun's Battlesphe  Conj           85%        2d13      1%          5
 Lightning Bolt           Conj/Air       30%        1d47      1%          5
 Yara's Violent Unravell  Hex/Tmut       30%        3d13      1%          5
 Death Channel            Necr           53%        N/A       1%          6
 Dragon Form              Tmut           42%        N/A       1%          7
 Orb of Destruction       Conj           42%        9d12      1%          7
 Call Canine Familiar     Summ           22%        N/A       3%          3
 Confusing Touch          Hex            22%        N/A       3%          3
 Frozen Ramparts          Ice            44%        1d7       3%          3
 Gell's Gravitas          Tloc           22%        N/A       3%          3
 Inner Flame              Hex/Fire       33%        N/A       3%          3
 Portal Projectile        Hex/Tloc       44%        N/A       3%          3
 Teleport Other           Tloc           22%        N/A       3%          3
 Tukima's Dance           Hex            22%        N/A       3%          3
 Conjure Ball Lightning   Conj/Air       30%        3x3d10    8%          6
 Eringya's Noxious Bog    Tmut/Pois      30%        N/A       8%          6
 Simulacrum               Ice/Necr       39%        N/A       8%          6
 Airstrike                Air            11%        2d(2-18)  11%         4
 Cause Fear               Hex            11%        N/A       11%         4
 Manifold Assault         Tloc           22%        N/A       11%         4
 Passage of Golubria      Tloc           22%        N/A       11%         4
 Summon Ice Beast         Ice/Summ       22%        N/A       11%         4
 Summon Lightning Spire   Summ/Air       22%        N/A       11%         4
 Silence                  Hex/Air        11%        N/A       26%         5
 Summon Forest            Summ/Tloc      11%        N/A       26%         5
 Summon Mana Viper        Hex/Summ       22%        N/A       26%         5
 Haunt                    Necr/Summ      39%        N/A       36%         7
 Storm Form               Tmut/Air       30%        N/A       36%         7
 Dispersal                Tloc           11%        N/A       80%         6
 Summon Cactus Giant      Summ           11%        N/A       80%         6
 Death's Door             Necr           53%        N/A       89%         9
 Shatter                  Erth           42%        3d33*     89%         9
 Enfeeble                 Hex            11%        N/A       100%        7
 Malign Gateway           Summ/Tloc      11%        N/A       100%        7
 Monstrous Menagerie      Summ           11%        N/A       100%        7
 Summon Hydra             Summ           11%        N/A       100%        7
 Disjunction              Tloc           11%        N/A       100%        8
 Maxwell's Capacitive Co  Air            11%        ∞         100%        8
 Chain Lightning          Conj/Air       30%        3d40      100%        9
 Dragon's Call            Summ           11%        N/A       100%        9
 Fire Storm               Conj/Fire      39%        8d10      100%        9


Dungeon Overview and Level Annotations

Branches:
Dungeon (15/15)            Temple (1/1) D:6            Lair (5/5) D:8
 Shoals (4/4) Lair:3        Snake (4/4) Lair:3        Slime (5/5) Lair:5
    Orc (2/2) D:9             Elf (3/3) Orc:2        Vaults (3/5) D:14
  Crypt (3/3) Vaults:3       Tomb (1/3) Crypt:3      Depths (4/4) D:15
    Zot (5/5) Depths:4      IceCv (visited)         Volcano (visited)
 WizLab (visited)         Desolation (visited)

Altars:
Ashenzari
Cheibriados
Dithmenos
Elyvilon
Fedhas
Gozag
Hepliaklqana
Kikubaaqudgha
Makhleb
Nemelex Xobeh
Okawaru
Qazlal
Ru
Sif Muna
Trog
Uskayaw
Vehumet
Wu Jian
Xom
Yredelemnul
Zin
The Shining One
Jiyva

Shops:
D:4 :   D:7 *   D:8 (?*   D:9 (   D:10 (   Orc:2 [*(:   Shoals:1 [:=(=
Shoals:2 [   Shoals:4 [   Snake:1 :   Depths:3 *

Portals:
Hell: Depths:1 Depths:2 Depths:3 Depths:4
Abyss: Depths:3
Pandemonium: Depths:2
Ziggurat: Depths:4
Trove: D:12 (give horn of Geryon)

Annotations:
D:11 2 transporters, exclusion: downstairs, iguanaiguana's ghost, journeyman MeDe
Lair:5 exclusions: obsidian statue and upstairs
Snake:3 Roxanne
Elf:2 exclusion: downstairs
Zot:3 2 transporters, exclusion: downstairs, Zaets's ghost, veteran SpEn
Abyss:1 Louise


Innate Abilities, Weirdness & Mutations

You are an undead lich.
Your unarmed attacks are suffused with negative energy.
You are immune to unholy pain and torment.
Your necromantic spells are more powerful.
You cannot drink.
You are immune to poison.
You are partially covered in iridescent scales. (AC +2)
((You sometimes lose your temper in combat.))
You are clumsy. (Dex -2)
Armour fits poorly on your strangely shaped body.
Your body often deteriorates upon taking damage.


Message History

You feel a surge of power!
Zombie hands grab the ynoxinul.
The zombie hands constrict the ynoxinul!
The blast of sand hits the ynoxinul.
The ynoxinul is moderately wounded.
The zombie hands constrict the ynoxinul!
The ynoxinul completely misses you.
The blast of sand hits the ynoxinul!!
You kill the ynoxinul!
Kikubaaqudgha accepts your kill.
Your magical contamination has completely faded away.
There is a stone staircase leading up here.
You fly upwards.
There is a stone staircase leading down here.
Unknown command.
There is a stone staircase leading up here.
You fly upwards.
There is a stone staircase leading down here.
There is a stone staircase leading up here.
You fly upwards.
There is a stone staircase leading down here.
There is a stone staircase leading up here.
You fly upwards.
There is a stone staircase leading down here.
Blink to where?
Press: ? - help, Dir - move target
As you read the scroll of blinking, it crumbles to dust.
Blink to where?
Press: ? - help, Dir - move target
As you read the scroll of blinking, it crumbles to dust.
Aiming: Dig
Press: ? - help, Shift-Dir - straight line A rock wall.
This square is covered in magical glow.
The rock shatters into small pieces.
The now-empty wand crumbles to dust.
Blink to where?
Press: ? - help, Dir - move target
As you read the scroll of blinking, it crumbles to dust.
There is a staircase leading out of the dungeon here.
You have escaped!

#.#.####..##..#.#
#.#.............#
#####################
#≈≈≈≈≈≈≈~≈~......###.
#≈≈≈≈≈~~....≈~~......
#≈≈≈≈~....~.~≈~~....#
######≈~≈~...~~~.~.~≈....#
#....#~......~≈.~~~..~.~..
####.####~..L.~~≈~~~≈~≈~.....
#.......#≈.....~~.~~~~..~....
#.......#~≈≈~...~≈~≈≈..~~~...
#..†....#≈≈≈~.......~~~~...#.
#.......#≈≈≈~~~.~....~....##.
#.......#≈≈≈≈≈≈~~...#........
#.......###########.#####....
#.......# #.# #§#.####..
#.......# #.# ##.## ###


There were no monsters in sight!

Vanquished Creatures
  the Royal Jelly (Slime:5)
  An orb of fire (Zot:4)
  The ghost of Vyqe the Cryomancer, a master MfIE of Vehumet (Zot:1)
  Josephina (Zot:3)
  Frederick (Vaults:2)
  A curse toe (Zot:3)
  2 caustic shrikes (Depths:3)
  7 golden dragons
  A bone dragon (Depths:4)
  2 electric golems
  9 tentacled monstrosities
  8 Orb Guardians (Zot:5)
  Rupert (Snake:1)
  A titan (Depths:2)
  A walking earthen tome (Depths:3)
  4 death cobs
  A walking frostbound tome (Depths:3)
  6 ancient champions
  15 acid blobs
  2 deep elf blademasters (Elf:3)
  A shard shrike skeleton (Crypt:3)
  Asterion (Snake:2)
  A kraken (Shoals:4)
  2 deep elf master archers (Elf:3)
  2 quicksilver dragons
  Polyphemus (Shoals:4)
  Agnes (D:14)
  2 shadow dragons (Zot:4)
  10 storm dragons
  2 sphinxes
  2 revenants (Crypt:2)
  7 nagarajas
  3 draconian monks
  An iron dragon (Depths:3)
  3 tengu reavers
  6 vault wardens
  10 azure jellies
  7 frost giants
  5 deep elf sorcerers (Elf:3)
  3 fire giants
  A curse skull (Crypt:3)
  13 rockslimes
  6 draconian scorchers
  2 draconian knights
  3 draconian shifters
  3 ghost moths
  9 quicksilver oozes
  4 draconian annihilators
  3 ironbound preservers
  2 deep elf elementalists (Elf:3)
  2 draconian stormcallers
  A spriggan defender (Depths:3)
  An orc warlord (Orc:2)
  7 stone giants
  3 ghouls
  2 war gargoyles (Vaults:1)
  2 caustic shrike skeletons (Crypt:3)
  A juggernaut skeleton (Crypt:3)
  A reaper (Crypt:2)
  11 very ugly things
  3 ironbound thunderhulks
  6 vampire knights
  22 purple draconians
  5 black draconians
  11 deep elf demonologists
  A halazid warlock (Desolation)
  7 green draconians
  5 dire elephants
  7 white draconians
  6 yellow draconians
  3 deep elf annihilators (Elf:3)
  11 spark wasps
  4 red draconians
  Snorg (Orc:2)
  9 ettins
  An eidolon (Crypt:1)
  9 statues (WizLab)
  5 deep elf death magi
  4 jiangshi
  2 ragged hierophants (Desolation)
  3 merfolk impalers (Shoals:3)
  6 fire dragons
  6 merfolk javelineers
  3 deep elf high priests
  2 servants of whispers
  4 ice dragons
  5 yaktaur captains
  6 vault guards
  3 hydras
  11 great orbs of eyes
  2 salamander tyrants
  4 peacekeepers
  A quicksilver dragon skeleton (Crypt:2)
  3 rakshasas
  3 ironbound frosthearts (Vaults:2)
  7 centaur warriors
  2 spriggan air magi
  8 anacondas
  5 death knights
  A hell beast (Zot:2)
  A spriggan skeleton (Crypt:3)
  6 boulder beetles
  4 merfolk aquamancers
  5 merfolk avatars
  3 alligator snapping turtles
  2 catoblepae
  3 satyrs
  3 two-headed ogres
  A death yak (Lair:5)
  3 tengu warriors
  5 deep troll earth magi
  8 deep troll shamans
  20 naga warriors
  14 shock serpents
  29 dancing weapons
  A soul eater (D:11)
  9 naga sharpshooters
  3 vampire magi
  5 orc high priests
  2 spriggan berserkers
  16 deep elf knights
  18 sea snakes
  4 iron trolls
  A shadow wraith (Vaults:3)
  2 spectral death yaks (Lair:5)
  22 skeletal warriors
  A titan skeleton (Crypt:3)
  6 salamander mystics
  3 flayed ghosts
  23 deep trolls
  8 phantasmal warriors
  A spectral anaconda (Lair:5)
  2 anaconda skeletons
  5 lindwurms
  9 naga ritualists
  A spriggan simulacrum (Crypt:1)
  4 glowing orange brains
  10 ironbound convokers
  A bunyip skeleton (Crypt:3)
  4 wizards
  15 deep elf archers
  2 bog bodies
  4 necromancers
  7 mana vipers
  29 deep elf zephyrmancers
  4 orc sorcerers (Orc:2)
  4 orc knights
  10 harpies
  29 deep elf pyromancers
  4 cyclopes
  12 manticores
  8 shining eyes
  19 moths of wrath
  25 ugly things
  9 fauns
  20 salamanders
  10 elephants (Lair:5)
  2 eyes of devastation
  A rust devil (D:11)
  22 naga magi
  5 guardian serpents
  Maurice (D:9)
  7 vault sentinels
  7 merfolk sirens
  4 water nymphs
  An ice statue (IceCv)
  32 black mambas
  A gargoyle (D:13)
  An orange demon (D:11)
  A storm dragon simulacrum (Zot:3)
  2 dire elephant skeletons
  2 centaur skeletons (Crypt:3)
  20 cane toads
  2 kobold demonologists (D:11)
  6 komodo dragons
  A freezing wraith (D:14)
  A pale draconian zombie (Crypt:2)
  An efreet (D:15)
  An ice devil (D:11)
  17 tengu conjurers
  A harpy zombie (Crypt:1)
  A red devil (D:11)
  15 yaktaurs
  A grey draconian skeleton (Crypt:2)
  A hellwing (D:11)
  42 merfolk
  A shadow dragon simulacrum (Zot:3)
  3 polar bears
  Grinder (D:3)
  6 trolls
  8 blink frogs
  2 hornets (Depths:4)
  5 wind drakes
  2 spectral elephants (Lair:5)
  2 draconian simulacra (Zot:3)
  11 saltlings (Desolation)
  11 snapping turtles
  135 slime creatures
  10 air elementals
  A black mamba zombie (Crypt:1)
  A ynoxinul (D:5)
  A shadow (D:13)
  2 spriggans (Depths:4)
  19 water elementals
  A wyvern (Lair:3)
  6 wraiths
  53 yaks
  Eustachio (D:4)
  6 fire elementals
  6 vampire mosquitoes
  20 humans (D:14)
  A satyr skeleton (Crypt:3)
  4 basilisks
  17 golden eyes
  A steam dragon (D:8)
  A death yak simulacrum (Lair:5)
  A chaos spawn (D:11)
  2 neqoxecs
  Menkaure (D:6)
  5 spectral cane toads (Lair:5)
  Edmund (D:6)
  7 wargs
  An acid dragon (D:10)
  14 water moccasins
  58 nagas
  A moth of wrath simulacrum (Zot:3)
  A naga skeleton (Crypt:3)
  A floating eye (shapeshifter) (D:15)
  A floating eye (Slime:3)
  3 ice beasts
  3 sky beasts (D:7)
  29 orc warriors
  2 elephant zombies (Lair:5)
  3 black bears
  A great orb of eyes simulacrum (IceCv)
  5 wolves (Lair:1)
  4 ogres
  5 centaurs
  A centaur (shapeshifter) (D:14)
  3 phantoms
  An elephant skeleton (Lair:5)
  2 slime creature simulacra (IceCv)
  3 kobold brigands
  3 necrophages
  13 bullfrogs
  5 earth elementals
  A cane toad simulacrum (Lair:5)
  A scorpion (D:5)
  4 glowing shapeshifter simulacra (IceCv)
  15 wights
  An elephant simulacrum (Lair:5)
  3 electric eels (Snake:4)
  2 howler monkeys
  2 quasits (D:11)
  2 hounds
  6 jellies
  A gnoll bouda (D:9)
  22 orc priests
  Terence (D:3)
  Natasha (thrice) (D:3)
  4 iguanas
  31 orc wizards
  4 shapeshifter simulacra (IceCv)
  An ice beast zombie (Crypt:1)
  A deep dwarf zombie (Crypt:3)
  A deep dwarf skeleton (Crypt:3)
  A howler monkey zombie (Crypt:2)
  9 gnolls
  10 adders
  A shadow imp (D:5)
  2 white imps
  3 ufetubi
  2 iguana skeletons
  4 worms (D:2)
  2 dart slugs
  101 orcs
  3 ball pythons
  4 bats
  8 endoplasms
  3 giant cockroaches
  7 goblins
  10 hobgoblins
  14 kobolds
  5 quokkas
  2 frilled lizards
  A quokka skeleton (Crypt:3)
  4 rats
  A spectral orc (D:3)
  4 tentacles (Shoals:4)
1923 creatures vanquished.

Vanquished Creatures (collateral kills)
  4 orbs of fire
  An ancient lich (Crypt:3)
  A Killer Klown (Zot:5)
  A curse toe (Crypt:3)
  Jory (Crypt:2)
  Nikola (Shoals:4)
  An electric golem (Zot:5)
  A tentacled monstrosity (Zot:5)
  A lich (Crypt:3)
  Jorgrun (Shoals:3)
  10 Orb Guardians (Zot:5)
  An acid blob (Slime:1)
  5 ancient champions
  2 storm dragons
  5 ghouls (Crypt:2)
  An imperial myrmidon (Desolation)
  A curse skull (Crypt:2)
  2 ironbound preservers (Vaults:2)
  A quicksilver ooze (Slime:5)
  4 very ugly things
  An orc warlord (Vaults:1)
  A caustic shrike skeleton (Crypt:3)
  A vampire knight (Crypt:1)
  An ironbound thunderhulk (Vaults:2)
  A white draconian (Zot:5)
  2 deep elf annihilators (Elf:3)
  2 black draconians
  2 spark wasps (Depths:2)
  An eidolon (Crypt:1)
  A fire dragon (Depths:2)
  2 jiangshi (Crypt:1)
  3 crystal guardians (Desolation)
  3 deep elf death magi (Crypt:1)
  A yaktaur captain (Vaults:1)
  A deep elf high priest (Elf:3)
  4 ragged hierophants (Desolation)
  A great orb of eyes (Slime:1)
  An ice dragon (Depths:3)
  4 servants of whispers (Desolation)
  4 peacekeepers (Desolation)
  A spriggan zombie (Crypt:1)
  A catoblepas (Shoals:4)
  4 death yaks (Shoals:4)
  A vampire mage (Crypt:1)
  2 death knights
  A satyr (Shoals:3)
  An iron troll (Depths:2)
  2 soul eaters (Crypt:1)
  3 titan skeletons (Crypt:3)
  11 skeletal warriors
  2 flayed ghosts
  17 deep trolls
  A bunyip skeleton (Crypt:3)
  A lindwurm (Vaults:1)
  6 ironbound convokers
  2 necromancers
  2 orc knights (Vaults:1)
  A manticore (Shoals:3)
  2 phantasmal warriors (Crypt:1)
  2 moths of wrath (Zot:5)
  A naga zombie (Crypt:3)
  A fire giant skeleton (Crypt:3)
  An iron dragon skeleton (Crypt:3)
  2 guardian serpents (Desolation)
  2 merfolk sirens
  A vault sentinel (Vaults:2)
  A yellow draconian zombie (Crypt:3)
  A centaur skeleton (Crypt:3)
  2 rime drakes (Orc:2)
  A dire elephant skeleton (Crypt:3)
  2 yaktaurs (Vaults:1)
  A minotaur skeleton (Crypt:1)
  2 death yak skeletons
  A sea snake skeleton (Crypt:2)
  An iron troll skeleton (Crypt:3)
  A troll (Orc:2)
  46 saltlings
  A harpy zombie (Crypt:1)
  A merfolk (Shoals:3)
  3 slime creatures
  A black mamba zombie (Crypt:3)
  4 wraiths
  A dire elephant simulacrum (Crypt:3)
  A golden eye (Slime:1)
  A water elemental (Shoals:3)
  A deep troll zombie (Crypt:1)
  An ogre (Orc:2)
  A komodo dragon zombie (Crypt:2)
  A warg zombie (Crypt:1)
  10 wights (Crypt:3)
  A bullfrog skeleton (Crypt:1)
  A deep dwarf zombie (Crypt:1)
  A gnoll zombie (Crypt:1)
242 creatures vanquished.

Vanquished Creatures (others)
  A shadow dragon (Zot:5)
  5 imperial myrmidons (Desolation)
  A draconian stormcaller (Zot:1)
  A red draconian (Zot:1)
  A yellow draconian (Zot:1)
  A spark wasp (Crypt:2)
  A deep elf death mage (Elf:3)
  2 deep elf knights
  A deep elf pyromancer (Elf:1)
  A moth of wrath (Zot:1)
  A cyclops (Crypt:2)
  A yaktaur (Vaults:1)
  A slime creature (Vaults:1)
  A floating eye (Elf:2)
  An orc wizard (D:7)
  49 fungi
  117 plants
  4 tentacles (Shoals:4)
  27 withered plants
217 creatures vanquished.

Grand Total: 2382 creatures vanquished

Notes
Turn   | Place    | Note
-------+----------+-------------------------------------------
     0 | D:1      | browni3141 the Human Earth Elementalist began the quest for
                  | the Orb.
     0 | D:1      | Reached XP level 1. HP: 13/13 MP: 3/3
   110 | D:1      | Reached skill level 1 in Fighting
   216 | D:1      | Reached XP level 2. HP: 21/21 MP: 3/5
   332 | D:1      | Reached XP level 3. HP: 13/26 MP: 0/6
   653 | D:1      | Found a faded altar of an unknown god.
  1134 | D:2      | Reached XP level 4. HP: 32/32 MP: 3/7
  1309 | D:2      | You fall into a shaft and drop 1 floor!
  1350 | D:3      | Noticed Natasha
  1354 | D:3      | Killed Natasha
  1355 | D:3      | Reached XP level 5. HP: 37/37 MP: 5/8
  1396 | D:3      | Found a basalt altar of Yredelemnul.
  1419 | D:3      | Noticed Terence
  1419 | D:3      | Noticed Natasha
  1555 | D:2      | Found a broken altar of Ashenzari.
  1584 | D:2      | Reached skill level 5 in Earth Magic
  1900 | D:3      | Found a hide-covered altar of Uskayaw.
  1900 | D:3      | Noticed a +0 dagger
  1900 | D:3      | Noticed a +0 dagger
  1998 | D:3      | Killed Natasha
  2108 | D:3      | Killed Terence
  2109 | D:3      | Reached XP level 6. HP: 25/46 MP: 9/9
  2507 | D:3      | Noticed Natasha
  2518 | D:3      | Killed Natasha
  2690 | D:3      | Noticed Grinder
  2700 | D:3      | Paralysed by Grinder for 3 turns
  2703 | D:3      | Killed Grinder
  2704 | D:3      | Reached XP level 7. HP: 46/52 MP: 1/10
  2864 | D:4      | Found a blossoming altar of Fedhas.
  2880 | D:4      | Found a stormy altar of Qazlal.
  2951 | D:4      | Found Ahaev's Book Emporium.
  3035 | D:4      | Reached skill level 5 in Stealth
  3135 | D:4      | Noticed Eustachio
  3146 | D:4      | Killed Eustachio
  3147 | D:4      | Reached skill level 1 in Evocations
  3147 | D:4      | Reached XP level 8. HP: 36/58 MP: 3/11
  3777 | D:5      | Entered Level 5 of the Dungeon
  4304 | D:5      | Reached skill level 5 in Evocations
  4312 | D:5      | Learned a level 2 spell: Passwall
  4316 | D:5      | Learned a level 3 spell: Stone Arrow
  4321 | D:5      | Learned a level 4 spell: Petrify
  4685 | D:5      | Reached skill level 1 in Conjurations
  4893 | D:6      | Reached XP level 9. HP: 63/63 MP: 10/12
  4936 | D:6      | Found a staircase to the Ecumenical Temple.
  4981 | Temple   | Entered the Ecumenical Temple
  5053 | Temple   | Became a worshipper of Kikubaaqudgha
  5253 | D:6      | Noticed Edmund
  5345 | D:6      | Noticed Menkaure
  5451 | D:6      | Found a burning altar of Makhleb.
  6277 | D:7      | Reached skill level 1 in Short Blades
  6777 | D:7      | Found Duin's General Store.
  6784 | D:7      | Reached * piety under Kikubaaqudgha
  6784 | D:7      | Received a gift from Kikubaaqudgha
  6787 | D:7      | Bought a potion of invisibility for 88 gold pieces
  6787 | D:7      | Bought a potion of heal wounds for 55 gold pieces
  6787 | D:7      | Bought a +2 buckler of reflection for 203 gold pieces
  6900 | D:7      | Reached XP level 10. HP: 39/70 MP: 11/16
  6941 | D:6      | Killed Menkaure
  7365 | D:6      | Killed Edmund
  7635 | D:7      | Reached skill level 5 in Spellcasting
  7965 | D:8      | Found Qosim's Antique Weapon Boutique.
  8098 | D:8      | Noticed a two-headed ogre
  8235 | D:8      | Killed a two-headed ogre
  8473 | D:8      | Found Mituwob's Magic Scroll Boutique.
  8476 | D:8      | Bought a scroll of enchant weapon for 105 gold pieces
  8497 | D:8      | Reached skill level 5 in Transmutations
  8545 | D:8      | Found a shadowy altar of Dithmenos.
  8686 | D:8      | Found a staircase to the Lair.
  8766 | D:8      | Found Dixuc's Assorted Antiques.
  8818 | D:8      | Found a glowing silver altar of Zin.
  9106 | D:9      | Reached ** piety under Kikubaaqudgha
  9185 | D:9      | Got the Compilation of Apparitions
  9192 | D:9      | Noticed Maurice
  9206 | D:9      | Killed Maurice
  9207 | D:9      | Reached skill level 10 in Earth Magic
  9207 | D:9      | Reached XP level 11. HP: 75/75 MP: 14/18
  9477 | D:9      | Noticed a two-headed ogre
  9634 | D:9      | Found a glowing golden altar of the Shining One.
  9689 | D:9      | Found a staircase to the Orcish Mines.
  9838 | D:9      | Found Cyimoi Yrche's Weapon Emporium.
 10532 | D:9      | Killed a two-headed ogre
 10533 | D:9      | Reached skill level 5 in Short Blades
 10568 | Orc:1    | Entered Level 1 of the Orcish Mines
 11243 | Orc:2    | Entered Level 2 of the Orcish Mines
 11243 | Orc:2    | Noticed Snorg
 11258 | Orc:2    | Killed Snorg
 11263 | Orc:2    | Reached *** piety under Kikubaaqudgha
 11263 | Orc:2    | Received a gift from Kikubaaqudgha
 11273 | Orc:2    | Reached XP level 12. HP: 43/81 MP: 10/19
 11277 | Orc:2    | Found a frozen archway.
 11380 | Orc:2    | Noticed an ettin
 11392 | Orc:2    | Killed an ettin
 11405 | Orc:2    | Found a bloodstained altar of Trog.
 11500 | IceCv    | Entered an ice cave
 12728 | IceCv    | Noticed a quicksilver ooze
 12769 | Orc:2    | Learned a level 5 spell: Borgnjor's Vile Clutch
 13110 | D:10     | Entered Level 10 of the Dungeon
 13110 | D:10     | Found Seile's Antique Weapon Boutique.
 13120 | D:10     | Found an opulent altar of Gozag.
 13189 | D:10     | Noticed a two-headed ogre
 13198 | D:10     | Killed a two-headed ogre
 13199 | D:10     | Reached skill level 1 in Necromancy
 13224 | D:10     | Found a radiant altar of Vehumet.
 13372 | D:10     | Reached **** piety under Kikubaaqudgha
 14161 | D:11     | Noticed a soul eater
 14344 | Lair:1   | Entered Level 1 of the Lair of Beasts
 14455 | Lair:1   | Reached XP level 13. HP: 90/90 MP: 17/20
 14649 | Lair:1   | Reached skill level 5 in Fighting
 14760 | D:9      | Bought the +4 dagger of Iriashran {holy, rC+ rCorr Str+2}
                  | for 616 gold pieces
 14786 | D:8      | Bought a pair of runed boots for 202 gold pieces
 14786 | D:8      | Bought a fizzy ruby potion for 24 gold pieces
 14957 | Lair:1   | Reached skill level 5 in Dodging
 15277 | Lair:1   | Reached skill level 5 in Necromancy
 15866 | Lair:2   | Found a dark tunnel.
 15876 | Volcano  | Entered a volcano
 16391 | Lair:2   | Noticed an ice dragon
 16417 | Lair:2   | Killed an ice dragon
 16967 | Lair:3   | Found a staircase to the Snake Pit.
 16996 | Lair:3   | Reached ***** piety under Kikubaaqudgha
 17789 | Lair:3   | Found a staircase to the Shoals.
 19238 | Lair:5   | Entered Level 5 of the Lair of Beasts
 19276 | Lair:5   | Reached XP level 14. HP: 101/101 MP: 13/21
 20033 | Lair:5   | Reached skill level 10 in Necromancy
 20552 | Lair:5   | Found a staircase to the Slime Pits.
 20553 | Lair:5   | Found a viscous altar of Jiyva.
 20979 | Lair:5   | Noticed a dire elephant
 20980 | Lair:5   | Noticed a dire elephant
 20980 | Lair:5   | Noticed a dire elephant
 21618 | Lair:5   | Reached skill level 15 in Earth Magic
 21633 | Lair:5   | Learned a level 2 spell: Sublimation of Blood
 21638 | Lair:5   | Learned a level 4 spell: Dispel Undead
 22646 | Lair:5   | Killed a dire elephant
 23580 | Lair:5   | Killed a dire elephant
 23670 | Lair:5   | Killed a dire elephant
 23793 | Lair:5   | Identified the +6 short sword "Kuzazalia" {drain, Stlth+}
 24771 | D:11     | Found a transporter.
 24774 | D:11     | Noticed iguanaiguana's ghost (journeyman MeDe)
 24806 | D:11     | Found a transporter.
 24910 | D:11     | Reached XP level 15. HP: 110/110 MP: 9/23
 26192 | D:12     | Found a portal to a secret trove of treasure.
 26330 | D:13     | Identified the +3 dagger of Etoow {heavy, rC+ rCorr}
 26414 | D:13     | Reached ****** piety under Kikubaaqudgha
 26512 | D:13     | Received a gift from Kikubaaqudgha
 27276 | D:14     | Identified the +7 chain mail "Giuheinu" {Drain rElec Dex+4
                  | SInv}
 27654 | D:14     | Noticed Louise
 28193 | D:14     | Noticed Agnes
 28219 | D:14     | Identified the +11 trident of Instinct {venom, rC- Will++
                  | Str+6}
 28595 | D:15     | Entered Level 15 of the Dungeon
 29124 | D:15     | Found a white marble altar of Elyvilon.
 29154 | D:15     | Identified the +1 robe "Tasaum" {rC+++ Str-2}
 29707 | D:15     | Reached skill level 10 in Stealth
 30481 | D:15     | Reached skill level 10 in Fighting
 30481 | D:15     | Reached XP level 16. HP: 122/122 MP: 19/27
 30819 | D:15     | Found a staircase to the Depths.
 32593 | Orc:2    | Found Ajanises's General Store.
 32594 | Orc:2    | Found Semomn's Book Shoppe.
 32595 | Orc:2    | Found Beep's Antique Armour Emporium.
 32595 | Orc:2    | Found Agegecost's Antique Weapon Emporium.
 32700 | Orc:2    | Found a staircase to the Elven Halls.
 32918 | Orc:2    | Bought a fading short sword for 224 gold pieces
 32918 | Orc:2    | Identified the +5 short sword "Zejeamas" {distort, rElec
                  | MP+9 Str+4 Dex-4} (You bought it in a shop on level 2 of
                  | the Orcish Mines)
 33086 | Snake:1  | Entered Level 1 of the Snake Pit
 33261 | Snake:1  | Noticed Rupert
 33277 | Snake:1  | Killed Rupert
 33883 | Snake:1  | Found Tajimuw's Book Shoppe.
 33891 | Snake:1  | Bought a book of the Earth for 648 gold pieces
 33897 | Snake:1  | Learned a level 5 spell: Lee's Rapid Deconstruction
 34026 | Snake:2  | Noticed Asterion
 34038 | Snake:2  | Noticed a nagaraja
 34040 | Snake:2  | Killed Asterion
 34044 | Snake:2  | Reached skill level 10 in Dodging
 34048 | Snake:2  | Killed a nagaraja
 34718 | Snake:2  | Identified the +6 quarterstaff of the Silent Majority
                  | {flame, Drain rElec rCorr Dex-3}
 34892 | Snake:2  | Reached XP level 17. HP: 107/131 MP: 16/29
 35117 | Snake:2  | You are sucked into a shaft and drop 1 floor!
 35787 | Snake:2  | Identified the amulet of Noutiqes {Acrobat rC- rCorr Dex+3}
 38060 | Snake:3  | Noticed Roxanne
 38228 | Snake:4  | Entered Level 4 of the Snake Pit
 38362 | Snake:4  | Identified the +0 crystal plate armour "Malaem" {Str+2
                  | Int-3 Dex+3}
 39329 | Snake:4  | Reached XP level 18. HP: 143/143 MP: 29/31
 41001 | Snake:4  | Got a serpentine rune of Zot
 42091 | Snake:4  | Learned a level 6 spell: Statue Form
 42333 | D:4      | Bought a book of Decay for 420 gold pieces
 42497 | Shoals:1 | Entered Level 1 of the Shoals
 43079 | Shoals:1 | Found Fycsub's Armour Shoppe.
 43260 | Shoals:1 | Found Fetebup's Book Emporium.
 43276 | Shoals:1 | Found Gaxi Houdgh's Jewellery Shop.
 43285 | Shoals:1 | Bought the amulet of the Elephant {Regen+ Int+5} for 665
                  | gold pieces
 43324 | Shoals:1 | Found Guqentoo's Jewellery Emporium.
 43930 | Shoals:1 | Found Seazos's Antique Weapon Shoppe.
 44136 | Shoals:2 | Found Vawki's Armour Shoppe.
 44150 | Shoals:2 | Identified the +6 scimitar of Defilement {venom, Fragile
                  | Fly Int+2 SInv}
 45154 | Shoals:3 | Reached skill level 15 in Stealth
 45154 | Shoals:3 | Reached XP level 19. HP: 108/152 MP: 3/32
 45179 | Shoals:3 | Noticed Jorgrun
 45189 | Shoals:3 | Killed Jorgrun
 46487 | Shoals:4 | Entered Level 4 of the Shoals
 46729 | Shoals:4 | Reached skill level 10 in Spellcasting
 46983 | Shoals:4 | Noticed Nikola
 47467 | Shoals:4 | Noticed Polyphemus
 47469 | Shoals:4 | Identified the ring "Raeg" {Wiz Dex+2}
 47475 | Shoals:4 | Killed Nikola
 47912 | Shoals:4 | Identified the +9 plate armour of Dramatic Exits {rElec}
 48115 | Shoals:4 | Reached skill level 15 in Fighting
 48204 | Shoals:4 | Killed Polyphemus
 48270 | Shoals:4 | Found Muggifeo's Armour Shop.
 48368 | Shoals:4 | Got the Parchment of the Loathsome Serac
 48430 | Shoals:4 | Got a barnacled rune of Zot
 49315 | Elf:1    | Entered Level 1 of the Elven Halls
 49329 | Elf:1    | Paralysed by an air elemental for 1 turns
 49332 | Elf:1    | Paralysed by an air elemental for 1 turns
 49528 | Elf:1    | Reached XP level 20. HP: 112/151 MP: 3/34
 49874 | Elf:1    | Reached skill level 15 in Dodging
 50250 | Elf:1    | Paralysed by an air elemental for 1 turns
 50252 | Elf:1    | Paralysed by an air elemental for 1 turns
 50623 | Elf:2    | Found a magical portal.
 50637 | Elf:2    | Reached skill level 10 in Transmutations
 50752 | WizLab   | Entered Iskenderun's Mystic Tower
 52813 | WizLab   | Got Iskenderun's Encyclopedia of Trauma
 52813 | WizLab   | Got Iskenderun's Papyrus of Damage
 53390 | Elf:2    | Paralysed by an air elemental for 1 turns
 53856 | Elf:2    | Paralysed by an air elemental for 1 turns
 54220 | Elf:2    | Found a huge runed translucent gate.
 54220 | Elf:2    | Found a huge runed translucent gate.
 54220 | Elf:2    | Found a huge runed translucent gate.
 54220 | Elf:2    | Found a huge runed translucent gate.
 54220 | Elf:2    | Found a huge runed translucent gate.
 55111 | Elf:2    | Reached XP level 21. HP: 159/168 MP: 24/35
 55339 | Elf:3    | Entered Level 3 of the Elven Halls
 55500 | Elf:3    | Paralysed by an air elemental for 1 turns
 55506 | Elf:3    | Paralysed by an air elemental for 1 turns
 55740 | Elf:3    | Identified the +4 quarterstaff "Luicagatho" {heavy, rPois
                  | Int-5 Dex+4}
 55794 | Elf:3    | Identified the +1 robe "Joki Pou" {Str+5}
 55985 | Elf:3    | Paralysed by an air elemental for 1 turns
 57095 | Elf:3    | Learned a level 6 spell: Death Channel
 57223 | Elf:3    | Paralysed by an air elemental for 1 turns
 57872 | Elf:3    | Identified the +6 morningstar of Certain Death {venom, rF++
                  | rC+ rCorr MP-9}
 57872 | Elf:3    | Identified the +2 leather armour of Temperance {Will+}
 57876 | Elf:3    | Identified the +2 robe of Love and Death {*Slow rN++ Dex+4}
 57876 | Elf:3    | Identified the ring of the Hippo {Fire rPois rN+ Dex+2}
 57876 | Elf:3    | Noticed a Brimstone Fiend
 58040 | Elf:3    | Identified the +1 scimitar of Experimentation {freeze,
                  | rPois}
 58380 | Elf:3    | Got Ymaupott's Thoughts on the Pyre and the Serac
 58404 | Elf:3    | Identified the +10 hand crossbow "Alap" {speed, Int-5 Dex+8
                  | Stlth-}
 58823 | Slime:1  | Entered Level 1 of the Pits of Slime
 58863 | Slime:1  | Paralysed by a great orb of eyes for 2 turns
 59028 | Shoals:1 | Bought a ring of willpower for 350 gold pieces
 61477 | Slime:3  | Reached XP level 22. HP: 175/175 MP: 21/37
 62717 | Slime:5  | Entered Level 5 of the Pits of Slime
 62878 | Shoals:2 | Bought an orb of guile for 221 gold pieces
 63117 | Slime:5  | Noticed the Royal Jelly
 64128 | Slime:4  | Gained mutation: You are clumsy. (Dex -2) [a shining eye]
 64130 | Slime:4  | Gained mutation: You are very clumsy. (Dex -4) [a shining
                  | eye]
 64269 | Slime:4  | Gained mutation: You occasionally lose the ability to drink
                  | potions when taking damage. [a shining eye]
 64273 | Slime:4  | Gained mutation: Your body sometimes deteriorates upon
                  | taking damage. [a shining eye]
 65328 | Slime:5  | Gained mutation: You are frail. (-10% HP) [a shining eye]
 65727 | Slime:5  | Found a viscous altar of Jiyva.
 66072 | Slime:5  | Reached skill level 15 in Necromancy
 66072 | Slime:5  | Reached skill level 15 in Transmutations
 66488 | Elf:2    | Lost mutation: You are very clumsy. (Dex -4) [potion of
                  | mutation]
 66488 | Elf:2    | Lost mutation: You are frail. (-10% HP) [potion of
                  | mutation]
 66488 | Elf:2    | Gained mutation: You have a pair of small horns on your
                  | head. [potion of mutation]
 66488 | Elf:2    | Gained mutation: Your mind is acute. (Int +4, Str/Dex -1)
                  | [potion of mutation]
 66488 | Elf:2    | Gained mutation: You are strong-willed. (Will+) [potion of
                  | mutation]
 66489 | Elf:2    | Lost mutation: You have a pair of small horns on your head.
                  | [potion of mutation]
 66489 | Elf:2    | Lost mutation: Your mind is acute. (Int +4, Str/Dex -1)
                  | [potion of mutation]
 66489 | Elf:2    | Lost mutation: Your body sometimes deteriorates upon taking
                  | damage. [potion of mutation]
 66489 | Elf:2    | Gained mutation: You are partially covered in iridescent
                  | scales. (AC +2) [potion of mutation]
 66489 | Elf:2    | Gained mutation: Your flesh is cold resistant. (rC+)
                  | [potion of mutation]
 66928 | Slime:5  | Killed the Royal Jelly
 67531 | Slime:5  | Got Gopoim's Guidebook on Damaging Toxicity
 67588 | Slime:5  | Identified the +8 plate armour "Aguamito" {Dex+2}
 67601 | Slime:5  | Identified the +9 morningstar of the Thing {spect, Fly rF+
                  | Str-3 Dex+2}
 67624 | Slime:5  | Got a slimy rune of Zot
 68320 | Slime:5  | Identified a scroll of acquirement
 68324 | Slime:5  | Acquired the +0 helmet "Trusted Companion" {*Corrode rPois
                  | Will++}
 68347 | Slime:5  | Got the Vellum of the Freezing Mausoleum
 68700 | Depths:1 | Entered Level 1 of the Depths
 68720 | Depths:1 | Found a gateway to Hell.
 69278 | Depths:1 | Acquired the +1 hat of the Untouchables {Drain rF+ rC+
                  | Dex+5}
 70372 | Depths:2 | Found a one-way gate leading to the halls of Pandemonium.
 70399 | Depths:2 | Reached XP level 23. HP: 181/181 MP: 24/40
 70760 | Depths:2 | Identified the +2 demon trident of Nyss {elec, rF+ rC+}
 71270 | Depths:2 | Found a shimmering blue altar of Sif Muna.
 71790 | Depths:3 | Paralysed by a vampire knight for 5 turns
 71803 | Depths:3 | Reached skill level 10 in Evocations
 72656 | Depths:3 | Noticed a golden dragon
 72672 | Depths:3 | Banished a golden dragon
 72966 | Depths:3 | Noticed a caustic shrike
 72974 | Depths:3 | Killed a caustic shrike
 73010 | Depths:3 | Noticed a caustic shrike
 73021 | Depths:3 | Killed a caustic shrike
 73242 | Depths:3 | Identified the +6 quarterstaff of Doom {heavy, Int+2}
 73556 | Depths:3 | Found a one-way gate to the infinite horrors of the Abyss.
 73661 | Depths:3 | Found Ocvud's Assorted Antiques.
 73744 | Depths:4 | Entered Level 4 of the Depths
 73756 | Depths:4 | Reached skill level 10 in Short Blades
 74406 | Depths:4 | Reached XP level 24. HP: 172/188 MP: 40/41
 74534 | Depths:4 | Noticed a golden dragon
 74542 | Depths:4 | Killed a golden dragon
 74781 | Depths:4 | Found a gate to the Realm of Zot.
 74932 | Depths:4 | Lost mutation: You are strong-willed. (Will+) [potion of
                  | mutation]
 74932 | Depths:4 | Lost mutation: Your flesh is cold resistant. (rC+) [potion
                  | of mutation]
 74932 | Depths:4 | Lost mutation: You occasionally lose the ability to drink
                  | potions when taking damage. [potion of mutation]
 74932 | Depths:4 | Gained mutation: Armour fits poorly on your strangely
                  | shaped body. [potion of mutation]
 74932 | Depths:4 | Gained mutation: Your mind is acute. (Int +4, Str/Dex -1)
                  | [potion of mutation]
 74989 | Depths:4 | Found a one-way gateway to a ziggurat.
 75164 | Depths:4 | Identified the +0 chain mail of the Moon {Str-2 Dex+2 SInv}
 75274 | Depths:4 | Identified the +2 leather armour of Freezing Surprise
                  | {rElec}
 75594 | Depths:4 | Found a gate to the Realm of Zot.
 75628 | Depths:4 | Found a one-way gateway to a ziggurat.
 75963 | Zot:1    | Entered Level 1 of the Realm of Zot
 75969 | Zot:1    | Noticed an orb of fire
 75979 | Zot:1    | Killed an orb of fire
 76085 | Zot:1    | Noticed Vyqe's ghost (master MfIE)
 76186 | Zot:1    | Found a runed translucent door.
 76373 | Zot:1    | Identified the +1 shortbow of Fiutix {heavy, Int+8 Stlth-}
 77113 | Zot:1    | Noticed a golden dragon
 77195 | Zot:1    | Killed a golden dragon
 77510 | Zot:2    | Noticed a golden dragon
 77528 | Zot:2    | Killed a golden dragon
 78139 | Zot:2    | Noticed a golden dragon
 78152 | Zot:2    | Killed a golden dragon
 78293 | Zot:3    | Identified the ring "Ipsick" {Ice rN+ Dex+5 SInv Stlth-}
 78293 | Zot:3    | Noticed Josephina
 78561 | Zot:3    | Reached skill level 15 in Spellcasting
 78750 | Zot:3    | Found a transporter.
 78783 | Zot:3    | Noticed a dread lich
 78829 | Zot:3    | Killed Josephina
 79211 | Zot:3    | Noticed a dread lich
 79211 | Zot:3    | Noticed Zaets's ghost (veteran SpEn)
 79232 | Zot:3    | Found a transporter.
 79290 | Zot:3    | Noticed a curse toe
 79299 | Zot:3    | Noticed a golden dragon
 79312 | Zot:3    | Killed a curse toe
 79316 | Zot:3    | Killed a golden dragon
 79590 | Zot:3    | Noticed a golden dragon
 79594 | Zot:3    | Killed a golden dragon
 79726 | Zot:3    | Reached XP level 25. HP: 194/194 MP: 42/42
 80141 | Zot:4    | Reached skill level 15 in Evocations
 80583 | Zot:4    | Noticed an orb of fire
 80613 | Zot:4    | Killed an orb of fire
 82660 | Zot:5    | Entered Level 5 of the Realm of Zot
 82838 | Zot:5    | Reached skill level 15 in Short Blades
 82962 | Zot:5    | Reached skill level 5 in Conjurations
 83373 | D:14     | Killed Agnes
 83458 | D:14     | Banished Louise
 83781 | D:14     | Found a gate to the Vaults.
 84127 | Vaults:1 | Entered Level 1 of the Vaults
 85013 | Vaults:1 | Reached XP level 26. HP: 131/201 MP: 42/42
 85021 | Vaults:1 | Reached skill level 10 in Conjurations
 86072 | Vaults:2 | Paralysed by a sphinx for 5 turns
 86341 | Vaults:2 | Found a crumbling gateway.
 86496 | Desolati | Entered the Desolation of Salt
 86776 | Desolati | Learned a level 8 spell: Borgnjor's Revivification
 86785 | Desolati | Learned a level 8 spell: Infestation
 86792 | Desolati | Found the +0 mask of the Dragon {Will+ Slay+3 SInv}
 86968 | Desolati | Found the +8 Vampire's Tooth {megavamp}
 86977 | Desolati | Identified the +3 plate armour "Omiuforu" {rElec MP+9
                  | Str+3}
 87072 | Desolati | Identified the ring "Gozxioq" {Fly Dex+3}
 87347 | Desolati | Identified the +1 plate armour of Courage {rElec rPois
                  | Int-5 Slay+5}
 87348 | Desolati | Identified the +3 scale mail "Qitwaet" {rF+ Stlth+}
 87501 | Vaults:2 | Noticed Frederick
 87512 | Vaults:2 | Killed Frederick
 88008 | Vaults:2 | Reached skill level 15 in Conjurations
 88018 | Vaults:2 | Reached skill level 1 in Throwing
 88694 | Vaults:3 | Found a staircase to the Crypt.
 88720 | Crypt:1  | Entered Level 1 of the Crypt
 88745 | Crypt:1  | Reached skill level 5 in Throwing
 88786 | Crypt:1  | Reached XP level 27. HP: 188/204 MP: 10/42
 89719 | Crypt:2  | Noticed Jory
 89734 | Crypt:2  | Killed Jory
 90289 | Crypt:2  | Reached skill level 10 in Throwing
 90425 | Crypt:3  | Entered Level 3 of the Crypt
 90936 | Crypt:3  | Found a staircase to the Tomb.
 90948 | Tomb:1   | Entered Level 1 of the Tomb of the Ancients
 91255 | Crypt:3  | Noticed an ancient lich
 91261 | Crypt:3  | Killed an ancient lich
 92762 | Zot:1    | Killed Vyqe's ghost
 92896 | Zot:3    | Learned a level 8 spell: Necromutation
 93327 | Zot:3    | Found a transporter.
 93351 | Zot:3    | Found a transporter.
 94238 | Zot:5    | Noticed an orb of fire
 94241 | Zot:5    | Noticed a Killer Klown
 94245 | Zot:5    | Gained mutation: You sometimes lose your temper in combat.
                  | [an orb of fire]
 94249 | Zot:5    | Lost mutation: Your mind is acute. (Int +4, Str/Dex -1) [an
                  | orb of fire]
 94253 | Zot:5    | Killed an orb of fire
 94255 | Zot:5    | Noticed an orb of fire
 94260 | Zot:5    | Killed an orb of fire
 94263 | Zot:5    | Noticed an orb of fire
 94266 | Zot:5    | Gained mutation: Your body sometimes deteriorates upon
                  | taking damage. [an orb of fire]
 94268 | Zot:5    | Killed a Killer Klown
 94278 | Zot:5    | Gained mutation: Your body often deteriorates upon taking
                  | damage. [an orb of fire]
 94281 | Zot:5    | Killed an orb of fire
 94282 | Zot:5    | Reached skill level 15 in Throwing
 94283 | Zot:5    | Reached skill level 1 in Invocations
 94332 | Zot:5    | Reached skill level 5 in Invocations
 94340 | Zot:5    | Got the Orb of Zot
 94573 | D:15     | Noticed Juaf the pandemonium lord
 94775 | D:$      | Escaped with the Orb!

Illustrated notes

Levels and vault maps discovered:
D:1:      dpeg_arrival_more_subterranean_lakeside_camping, layout_loops_ring,
          shapermc_ecumenical_altar_notcrosses, minmay_misc_feat_four_crosses
D:2:      layout_rooms, basic_altar, grunt_ministairs_7,
          kennysheep_generic_room_10
D:3:      layout_rooms, yredelemnul_forgotten_temple_becter,
          dancing_weapons_uskayaw, grunt_decor_resistance,
          nicolae_figureground_pulse, uniq_natasha, uniq_grinder, uniq_terence
D:4:      layout_basic, grunt_temple_overflow_forces_of_nature, serial_shops,
          shop_fountains, hangedman_abyss_or_decor_passed, uniq_eustachio
D:5:      layout_loops_ring
D:6:      layout_basic, bloody_makhleb, temple_pool_b, uniq_menkaure,
          uniq_edmund
D:7:      layout_cave_pools, serial_shops, nicolae_stop_n_shop_1,
          kennysheep_cross_bottleneck
D:8:      layout_gridville, mainiacjoe_overflow_24_doors,
          mainiacjoe_overflow_brackets, grunt_lair_entry_orc_guard_hut,
          serial_shops, nicolae_shop_hallway_stairs, nicolae_shop_behind_doors,
          shop
D:9:      layout_roguey, tso_metal_star, david_orc_3, serial_shops,
          nicolae_shop_behind_doors, uniq_maurice
D:10:     layout_roguey, old_standard_altar, general_overflow_altar,
          nicolae_stop_n_shop_2, minmay_circle_x
D:11:     layout_big_octagon, serial_demonic, serial_demonic_d,
          serial_demonic_f, serial_demonic_d, serial_demonic_g,
          gammafunk_ghost_berserking_beasts, minmay_between
D:12:     layout_roguey, nicolae_trove_entry_columns
D:13:     layout_cave_pools, minmay_misc_feat_chi
D:14:     layout_loops_corners, grunt_vaults_entry_tiered,
          hangedman_glass_teeth, uniq_louise, uniq_agnes
D:15:     grunt_enter_depths_hoard, layout_basic, serial_glass, glass_columns_c,
          glass_columns_a, due_unseen_surprise, feat_on_display,
          feat_on_display, elyvilon_altar_1
Temple:   minmay_temple_bridge_abc
Lair:1:   layout_cave_pods, pdpol_lair_neglected_garden
Lair:2:   dragon1_lemuel, layout_chaotic_city, lightli_volcano_entry_magma_tube,
          patterned_corridor, infiniplex_staircase_pool_2
Lair:3:   layout_gridlike, shoals_dummy_entry, guppyfry_snake_entry_island,
          lemuel_fruit_fields
Lair:4:   layout_layer_cave, kennysheep_catoblepas_arena, lemuel_fruit_fields,
          serial_bayou_shore_b, grunt_megastairs_1
Lair:5:   due_jungle_book, layout_loops_ring, slime_entry_1
Shoals:1: layout_shoals, serial_shops, nicolae_lakefront_shop,
          nicolae_shop_statue_plus, shop, shop, shop
Shoals:2: layout_shoals, serial_shops, shop
Shoals:3: layout_shoals, uniq_jorgrun
Shoals:4: shoals_end_hangedman, layout_shoals, serial_shops,
          nicolae_shop_hallway_plus, uniq_nikola, uniq_polyphemus
Snake:1:  layout_rooms, serial_shops, shop, grunt_ministairs_5, uniq_rupert
Snake:2:  layout_layer_cave, nrook_guardian_serpent_double,
          serial_bayou_shore_b, uniq_asterion
Snake:3:  layout_rooms, grunt_megastairs_2, uniq_roxanne
Snake:4:  minmay_snake_end_coiled, layout_cave_town, nicolae_snake_bzzzt
Slime:1:  layout_caves, cheibrodos_slime_lost_civilization_5
Slime:2:  layout_caves
Slime:3:  layout_caves, nicolae_slime_phagocytosis
Slime:4:  layout_caves
Slime:5
Orc:1:    layout_diamond_mine
Orc:2:    st_orc_congregation, layout_caves, basic_altar, portal_ice_cave_rime,
          nicolae_orc_crystal_geode, uniq_snorg
Elf:1:    nicolae_elf_arrival_aired_out, layout_loops_ring,
          minmay_elf_demonology, hangedman_elf_power_crystal
Elf:2:    elven_hall_of_blades_hangedman_alternative
          [nicolae_blade_entry_hurt_lockers], layout_onion_city,
          infiniplex_enter_wizlab_glasses, onia_ninara_cookie
Elf:3:    elf_hall, layout_geoelf_diagonals, minmay_misc_feat_diagonals,
          serial_sigils_hangedman_gnaw, minmay_the_grid_square_5x5_3x3_mashed
          [minmay_the_grid_square_5x5_minivault,
          minmay_the_grid_square_5x5_beaten_path,
          minmay_the_grid_square_5x5_n_small, minmay_the_grid_square_5x5_bridge,
          minmay_the_grid_square_5x5_megaprize_checkered,
          minmay_the_grid_square_5x5_moneybag, minmay_the_grid_square_5x5_lines,
          minmay_the_grid_square_5x5_shrine2,
          minmay_the_grid_square_5x5_hollow_slash]
Vaults:1: nicolae_vaults_little_squares_1, vaults_room_grunt_arrival_ludios,
          nicolae_vaults_mini_display_case, ontoclasm_vaults_chip, v_misc_28,
          hangedman_vaults_nails, layout_vaults_omnigrid
Vaults:2: portal_desolation_entry_salt, v_alt_pattern_3, vaults_mumra_hexcomb,
          v_pattern_5, hangedman_vaults_slither, vaults_mumra_chevron,
          nicolae_vaults_ninety_degrees, hangedman_vaults_cutoff, v_misc_9,
          v_misc_22, ontoclasm_vaults_pinch, nicolae_vaults_gold_heap,
          serial_ice_m, layout_vaults_ring, uniq_frederick
Vaults:3: nicolae_vaults_meeting, vaults_dpeg_spiral,
          hangedman_vaults_corner_blocks, v_pattern_4, blue_anna_dwarven_crypt,
          vaults_room_fours, nicolae_vaults_little_squares_3,
          nicolae_vaults_disjoint_gnomons, v_misc_11, ontoclasm_vaults_hangar,
          v_rooms_6, grunt_vaults_twisty, vaults_dpeg_encased_lava,
          layout_vaults_maze
Crypt:1:  layout_regular_city
Crypt:2:  layout_rooms, uniq_jory
Crypt:3:  due_elkab, layout_chaotic_city
Tomb:1
Depths:1: layout_roguey, hell_entry, nicolae_eternal_life, nicolae_titane
Depths:2: minmay_shoctagon, layout_twisted_cross, lemuel_blue_sif_altar,
          serial_sigils, serial_sigils_hangedman_writhe,
          serial_sigils_hangedman_etch, serial_sigils_hangedman_snap,
          serial_sigils_hangedman_confine, hell_entry, pan_entry,
          minmay_statues_item
Depths:3: kennysheep_large_spiral, layout_gridlike, abyss_entry,
          kennysheep_cross_room, serial_shops, nicolae_shop_hallway_plus,
          hell_entry, infiniplex_staircase_trident
Depths:4: grunt_zot_entry_alcove, layout_cave_shapes, enter_ziggurat_b,
          hell_entry, grunt_decor_mini_mirrors
Zot:1:    layout_gridlike, hellmonk_ghost_happy_afterlife, grunt_megastairs_5
Zot:2:    layout_gridville
Zot:3:    layout_basic, gammafunk_ghost_abyssal_escape, uniq_josephina
Zot:4:    layout_cathedral_of_symmetry
Zot:5:    layout_misc_corridors

Skill      XL: |  1  2  3  4  5  6  7  8  9 10 11 12 13 14 15 16 17 18 19 20 21 22 23 24 25 26 27 |
---------------+----------------------------------------------------------------------------------+-----
Fighting       | 1 2 3 4 6 8 10 11 13 14 15 | 15.0
Transmutations | 2 4 5 6 9 12 14 15 | 15.0
Earth Magic    | 4 5 6 7 10 12 14 15 | 15.0
Stealth        | 4 6 8 10 12 13 15 | 15.0
Evocations     | 1 5 8 11 14 15 | 15.0
Conjurations   | 1 2 4 9 15 | 15.0
Spellcasting   | 4 5 7 8 9 10 11 13 14 15 | 15.0
Short Blades   | 2 4 6 7 10 12 15 | 15.0
Necromancy     | 3 9 10 11 13 15 | 15.0
Dodging        | 4 6 8 10 12 13 14 15 | 15.0
Throwing       | 5 15 | 15.0
Invocations    | 5 |  5.7

Action                     |  1- 3 |  4- 6 |  7- 9 | 10-12 | 13-15 | 16-18 | 19-21 | 22-24 | 25-27 || total
---------------------------+-------+-------+-------+-------+-------+-------+-------+-------+-------++-------
  Melee: Dagger            |     6 |     3 |       |       |   218 |   244 |   209 |   210 |       ||   890
         Whip              |       |    29 |    13 |       |       |       |       |       |       ||    42
         Rapier            |       |       |     2 |    25 |       |       |       |       |       ||    27
         Short sword       |       |       |       |   148 |       |       |       |   597 |   829 ||  1574
   Cast: Sandblast         |    33 |    80 |   191 |   260 |   435 |   631 |   593 |   256 |   156 ||  2635
         Petrify           |       |       |       |    77 |    56 |    27 |    18 |   241 |    83 ||   502
         Borgnjor's Vile C |       |       |       |     9 |   102 |   180 |   157 |    59 |   106 ||   613
         Stone Arrow       |       |       |       |     5 |    64 |    22 |    50 |    44 |    47 ||   232
         Passwall          |       |       |       |     1 |     1 |     1 |     3 |     9 |     7 ||    22
         Dispel Undead     |       |       |       |       |    23 |       |       |     5 |    56 ||    84
         Sublimation of Bl |       |       |       |       |    12 |    11 |     4 |     3 |     7 ||    37
         Lee's Rapid Decon |       |       |       |       |       |    25 |   131 |    80 |    48 ||   284
         Statue Form       |       |       |       |       |       |       |    35 |     6 |    12 ||    53
         Death Channel     |       |       |       |       |       |       |     2 |     6 |     7 ||    15
         Infestation       |       |       |       |       |       |       |       |       |    42 ||    42
         Necromutation     |       |       |       |       |       |       |       |       |    11 ||    11
 Invoke: Receive Forbidden |       |       |       |       |     1 |       |       |       |       ||     1
         Unearth Wretches  |       |       |       |       |       |       |       |       |     5 ||     5
  Evoke: Wand              |       |       |     4 |    13 |    12 |    10 |    14 |     7 |     8 ||    68
         Condenser vane    |       |       |       |       |       |     4 |     3 |     1 |     3 ||    11
         Phial of floods   |       |       |       |       |       |     1 |     3 |       |     1 ||     5
         Lightning rod     |       |       |       |       |       |     4 |    10 |     4 |       ||    18
         Tin of tremorston |       |       |       |       |       |       |     1 |     6 |       ||     7
         Box of beasts     |       |       |       |       |       |       |     1 |     3 |     2 ||     6
         Phantom mirror    |       |       |       |       |       |       |       |       |     1 ||     1
    Use: Scroll            |       |       |    15 |     5 |    15 |     3 |     6 |    15 |    19 ||    78
         Potion            |       |       |       |     2 |     1 |       |     7 |    13 |     9 ||    32
   Stab: Sleeping          |     1 |       |       |     6 |    12 |    20 |    21 |    30 |    34 ||   124
         Paralysed         |       |       |     2 |       |     2 |       |       |     1 |     1 ||     6
         Petrified         |       |       |       |   117 |    48 |    23 |    19 |   263 |    49 ||   519
         Petrifying        |       |       |       |     6 |     6 |       |     2 |    63 |    28 ||   105
         Invisible         |       |       |       |     1 |     2 |     2 |     1 |     1 |     3 ||    10
         Distracted        |       |       |       |       |       |       |     1 |     6 |    10 ||    17
 Armour: Robe              |     1 |    12 |    17 |     4 |       |       |       |       |       ||    34
         Leather armour    |       |       |       |    20 |       |       |    78 |   188 |       ||   286
         Troll leather arm |       |       |       |    10 |   209 |   207 |   181 |   241 |   215 ||  1063
         Skin              |       |       |       |       |       |       |   300 |   140 |    94 ||   534
  Dodge: Dodged            |     8 |    39 |    58 |   218 |   408 |   625 |   952 |   994 |   798 ||  4100
  Block: Buckler           |     1 |     9 |    23 |    73 |   162 |   242 |   353 |   102 |   193 ||  1158
         Reflection        |       |       |     1 |     8 |     4 |    25 |    29 |     2 |     8 ||    77

Table legend: (Time is in decaauts)
 A = Elapsed time spent in this place.
 B = Non-inter-level travel time spent in this place.
 C = Inter-level travel time spent in this place.
 D = Time resting spent in this place.
 E = Time spent auto-exploring this place.
 F = Levels seen in this place.
 G = Mean time per level.
                   A        B        C        D        E       F      G
               +--------+--------+--------+--------+--------+-----+--------+
         Total |  96791 |  88677 |   8114 |  17384 |  49044 |  59 | 1640.5 |
       Dungeon |  21410 |  18822 |   2588 |   1640 |  12939 |  15 | 1427.3 |
        Temple |     95 |     73 |     22 |      0 |     58 |   1 |   95.0 |
          Lair |  11027 |   9384 |   1643 |   1529 |   5676 |   5 | 2205.4 |
        Shoals |   6917 |   6547 |    370 |   1117 |   3752 |   4 | 1729.2 |
     Snake Pit |   9325 |   9126 |    199 |   1488 |   5831 |   4 | 2331.2 |
    Slime Pits |   8438 |   7731 |    707 |   2716 |   2777 |   5 | 1687.6 |
  Orcish Mines |   3241 |   2787 |    454 |    794 |   1063 |   2 | 1620.5 |
   Elven Halls |   7879 |   7235 |    644 |   1806 |   3874 |   3 | 2626.3 |
        Vaults |   3575 |   3378 |    197 |    343 |   2002 |   3 | 1191.7 |
         Crypt |   3809 |   3604 |    205 |    532 |   1818 |   3 | 1269.7 |
          Tomb |      1 |      0 |      1 |      0 |      0 |   1 |    1.0 |
        Depths |   7368 |   6972 |    396 |   1016 |   4367 |   4 | 1842.0 |
           Zot |   9060 |   8376 |    684 |   2029 |   4149 |   5 | 1812.0 |
      Ice Cave |   1252 |   1252 |      0 |    688 |     43 |   1 | 1252.0 |
       Volcano |      9 |      9 |      0 |      0 |      5 |   1 |    9.0 |
        Wizlab |   2438 |   2438 |      0 |   1525 |    449 |   1 | 2438.0 |
    Desolation |    937 |    937 |      0 |    158 |    238 |   1 |  937.0 |
               +--------+--------+--------+--------+--------+-----+--------+

Top non-repeatable levels by time:
  Lair:5: 4578 daAuts
 Snake:4: 3817 daAuts
   Elf:3: 3391 daAuts
    D:14: 3139 daAuts
   Zot:3: 3099 daAuts
   Elf:2: 2797 daAuts
Depths:3: 2576 daAuts
  WizLab: 2438 daAuts
   Zot:4: 2224 daAuts
Shoals:4: 2165 daAuts
 Snake:3: 2149 daAuts
     D:9: 2125 daAuts
Shoals:3: 2124 daAuts
 Snake:2: 2058 daAuts
 Crypt:3: 2053 daAuts
